 Dungeon Crawl Stone Soup version 0.28.0 (webtiles) character file.

Game seed: 17394791567638530915

53 JJisdabomb the Skirmisher (level 3, -1/24 HPs)
             Began as a Gargoyle Fighter on Feb 19, 2022.
             Slain by Terence (6 damage)
             ... on level 2 of the Dungeon.
             The game lasted 00:01:56 (926 turns).

JJisdabomb the Skirmisher (Gargoyle Fighter)         Turns: 926, Time: 00:01:56

Health: -1/24      AC: 10    Str: 21    XL:     3   Next: 87%
Magic:  3/3        EV:  9    Int:  8    God:
Gold:   28         SH:  5    Dex: 15    Spells: 2/2 levels left

rFire   . . .      SeeInvis .   a - +0 flail
rCold   . . .      Faith    .   d - +0 buckler
rNeg    + . .      Spirit   .   c - +0 scale mail
rPois   ∞          Reflect  .   (no helmet)
rElec   +          Harm     .   (no cloak)
rCorr   .          Rampage  .   (no gloves)
Will    .....                   (no boots)
Stlth   ..........              (no amulet)
HPRegen 0.08/turn               b - +6 ring of dexterity
MPRegen 0.08/turn               (no ring)

@: no status effects
A: sickness immunity, AC +3, negative energy resistance 1, electricity
resistance, torment resistance 1, petrification resistance
a: no special abilities


You were on level 2 of the Dungeon.
You visited 1 branch of the dungeon, and saw 2 of its levels.

You collected 28 gold pieces.

Inventory:

Hand Weapons
 a - a +0 flail (weapon)
Armour
 c - a +0 scale mail (worn)
 d - a +0 buckler (worn)
Jewellery
 b - a +6 ring of dexterity (left hand)
 h - an amulet of faith
Scrolls
 f - a scroll of immolation {unknown}
Potions
 e - 2 potions of might
 g - a potion of lignification {unknown}
 i - a potion of curing {unknown}


   Skills:
 * Level 4.1 Fighting
 + Level 2.5 Maces & Flails
 + Level 3.7 Armour
 + Level 3.7 Shields


You had 2 spell levels left.
You didn't know any spells.
Your spell library contained the following spells:

 Spells                   Type           Power      Damage    Failure   Level
 Ensorcelled Hibernation  Hex/Ice        0%         N/A       93%         2
 Passwall                 Tmut/Erth      0%         N/A       93%         2
 Swiftness                Air            0%         N/A       99%         3


Dungeon Overview and Level Annotations

Branches:
Dungeon (2/15)

Altars:

Annotations:
D:2 Terence


Innate Abilities, Weirdness & Mutations

You are immune to sickness and miasma.
Your stone body is resilient. (AC +3)
You are immune to poison.
You resist negative energy. (rN+)
You are resistant to electric shocks. (rElec)
You are resistant to unholy torment.
You are immune to petrification.


Message History

Unknown command.
You barely miss Terence.
Terence is moderately wounded.
Terence hits you but does no damage.
Unknown command.
You hit Terence.
Terence is moderately wounded.
Terence barely misses you. You block Terence's attack.
You hit Terence.
Terence is heavily wounded.
Terence screams, "I'm going to kill you!"
Terence hits you with a +0 falchion.
Unknown command.
You closely miss Terence.
Terence is heavily wounded.
Terence hits you with a +0 falchion!
Unknown command.
You are too injured to fight recklessly!
You are too injured to fight recklessly!
You are too injured to fight recklessly!
You are too injured to fight recklessly!
You are too injured to fight recklessly!
You closely miss Terence.
Terence is heavily wounded.
Terence hits you but does no damage. Terence barely misses you.
You barely miss Terence.
Terence is heavily wounded.
Terence closely misses you.
You hit Terence.
Terence is severely wounded.
You block Terence's attack.
You hit Terence but do no damage.
Terence is severely wounded.
Terence hits you with a +0 falchion!
* * * LOW HITPOINT WARNING * * *
The worm bites you but does no damage. Terence barely misses you.
You hit Terence.
Terence is almost dead.
Terence hits you with a +0 falchion.
You die...

... ..#####.###
#.### #..##
#....##
#...#######
##.(...##
#.#........
#.......#
#.#..######
#...)...###.#†.##
#...)...........#
##.....###..###.#
#.....@.##.## ...
#.....@w##.# ..##
#........#.# #.#
##.....:...# .#
##...##.#.# ..
#### ..... .#
...... #.#...


You could see Terence and a worm.

Vanquished Creatures
  An adder (D:2)
  A worm (D:2)
  4 dart slugs
  4 ball pythons
  An endoplasm (D:1)
  A giant cockroach (D:1)
  A goblin (D:1)
  4 hobgoblins (D:1)
  3 kobolds (D:1)
  2 quokkas (D:1)
  4 bats (D:1)
  3 frilled lizards (D:1)
  5 rats (D:1)
34 creatures vanquished.

Notes
Turn   | Place    | Note
-------+----------+-------------------------------------------
     0 | D:1      | JJisdabomb the Gargoyle Fighter began the quest for the
                  | Orb.
     0 | D:1      | Reached XP level 1. HP: 14/14 MP: 1/1
    95 | D:1      | Reached XP level 2. HP: 19/19 MP: 2/2
   318 | D:1      | Reached XP level 3. HP: 24/24 MP: 3/3
   824 | D:1      | Found a faded altar of an unknown god.
   861 | D:2      | Reached skill level 4 in Fighting
   912 | D:2      | Noticed Terence
   926 | D:2      | Slain by Terence

Illustrated notes

Levels and vault maps discovered:
D:1:      ncdulo_watergridlock, layout_loops_ring,
          shapermc_ecumenical_altar_petra, chequers_serial_rivers_marsh,
          grunt_decor_junction, minmay_pentomino_v2
D:2:      layout_rooms, moated_statue, minmay_misc_feat_doors, uniq_terence

Skill      XL: |  1  2  3 |
---------------+----------+-----
Fighting       | 4 |  4.1
Maces & Flails | |  2.5
Armour         | |  3.7
Shields        | |  3.7

Action                   || total
-------------------------++-------
Melee: Flail             ||   111
  Use: Scroll            ||     1
Armor: Scale mail        ||    59
Dodge: Dodged            ||    55
Block: Buckler           ||    33
